 Dungeon Crawl Stone Soup version 0.28.0-45-g0d030f2227 (webtiles) character file.

Game seed: 8664163332061324876

21816 namelastname112 the Summoner (level 12, -8/104 HPs)
             Began as a White Draconian Summoner on Mar 29, 2022.
             Was a Believer of Sif Muna.
             Shot with a bolt by a yaktaur (17 damage)
             ... on level 13 of the Dungeon.
             The game lasted 00:25:28 (20150 turns).

namelastname112 the Summoner (DrSu)                Turns: 20150, Time: 00:25:29

Health: -8/104     AC: 14    Str: 10    XL:     12   Next: 57%
Magic:  22/27      EV: 17    Int: 21    God:    Sif Muna [**....]
Gold:   832        SH:  0    Dex: 18    Spells: 23/33 levels left

rFire   . . .      SeeInvis .   o - +3 dagger (elec)
rCold   + . .      Faith    .   (no shield)
rNeg    . . .      Spirit   .   (armour unavailable)
rPois   .          Reflect  .   s - +2 hat
rElec   .          Harm     .   n - +1 cloak
rCorr   .          Rampage  .   B - +0 pair of gloves
Will    .....                   u - +0 pair of boots
Stlth   ++........              (no amulet)
HPRegen 0.27/turn               D - +6 ring of dexterity
MPRegen 0.20/turn               (no ring)

@: studying Throwing
A: breathe frost, AC +8, unfitting armour, cold resistance 1, cold-blooded
a: Breathe Frost, Renounce Religion, Channel Magic


You were on level 13 of the Dungeon.
You worshipped Sif Muna.
Sif Muna was pleased with you.
You visited 2 branches of the dungeon, and saw 14 of its levels.

You collected 832 gold pieces.

Inventory:

Hand Weapons
 a - a +0 trident
 l - a +2 demon trident
 o - a +3 dagger of electrocution (weapon)
Missiles
 j - 7 throwing nets (quivered)
 I - 3 curare-tipped darts
Armour
 n - a +1 cloak (worn)
 s - a +2 hat (worn)
 u - a +0 pair of boots (worn)
 B - a +0 pair of gloves (worn)
Magical Staves
 f - a staff of air
Jewellery
 d - a ring of fire
 t - a ring of ice
 D - a +6 ring of dexterity (left hand)
 E - a ring of magical power
 K - the ring of Eternal Night {Ice *Slow rElec rN+++ Str+3}
   (You found it on level 11 of the Dungeon)

   [ring of ice]

   It enhances your ice magic.
   Str:       It affects your strength (+3).
   rF:        It makes you vulnerable to fire.
   rC:        It protects you from cold.
   rElec:     It insulates you from electricity.
   rN:        It renders you almost immune to negative energy.
   *Slow:     It may slow you when you take damage.
Wands
 x - a wand of paralysis (6)
 y - a wand of charming (8)
 z - a wand of flame (10)
 F - a wand of digging (3)
 L - a wand of polymorph (1)
Scrolls
 b - 8 scrolls of identify
 c - 3 scrolls of torment
 g - 6 scrolls of vulnerability
 i - a scroll of enchant weapon
 p - 2 scrolls of teleportation
 q - a scroll of silence
 H - 2 scrolls of fear
 J - 2 scrolls of fog
Potions
 e - 4 potions of curing
 h - a potion of magic
 k - a potion of haste
 m - 2 potions of attraction
 r - 2 potions of might
 v - 5 potions of heal wounds
 w - a potion of flight
 A - a potion of cancellation
 C - a potion of ambrosia
 G - a potion of mutation


   Skills:
 + Level 9.2 Fighting
 * Level 3.1 Staves
 + Level 7.8 Dodging
 - Level 1.7 Stealth
 + Level 11.0 Spellcasting
 + Level 12.4 Summonings
 + Level 5.9 Invocations


You had 23 spell levels left.
You knew the following spells:

 Your Spells              Type           Power      Damage    Failure   Level
a - Summon Small Mammal   Summ           100%       N/A       1%          1
c - Call Canine Familiar  Summ           59%        N/A       1%          3
s - Summon Lightning Spi  Summ/Air       37%        N/A       4%          4
x - Call Imp              Summ           59%        N/A       1%          2

Your spell library contained the following spells:

 Spells                   Type           Power      Damage    Failure   Level
 Summon Guardian Golem    Hex/Summ       37%        N/A       1%          3
 Freeze                   Ice            44%        1d6       6%          1
 Ignite Poison            Fire/Tmut/Pois 11%        N/A       17%         3
 Mephitic Cloud           Conj/Pois/Air  11%        N/A       17%         3
 Ozocubu's Armour         Ice            11%        N/A       17%         3
 Freezing Cloud           Conj/Ice/Air   5%         6-21      85%         5
 Lee's Rapid Deconstruct  Erth           5%         3d7*      85%         5
 Storm Form               Tmut/Air       5%         N/A       100%        7
 Maxwell's Capacitive Co  Air            5%         ∞         100%        8


Dungeon Overview and Level Annotations

Branches:
Dungeon (13/15)            Temple (1/1) D:4            Lair (0/6) D:8
    Orc (0/2) D:10
 Vaults: D:13-14

Altars:
Ashenzari
Cheibriados
Dithmenos
Elyvilon
Fedhas
Gozag
Hepliaklqana
Kikubaaqudgha
Makhleb
Nemelex Xobeh
Okawaru
Qazlal
Ru
Sif Muna
Trog
Uskayaw
Vehumet
Wu Jian
Xom
Yredelemnul
Zin
The Shining One

Annotations:
D:6 1 runed translucent door, MisterFreud's ghost, novice GnCA


Innate Abilities, Weirdness & Mutations

You can breathe waves of freezing cold which knock back foes.
Your icy white scales are hard. (AC +8)
You cannot fit into any form of body armour.
Your flesh is cold resistant. (rC+)
You are cold-blooded and may be slowed by cold attacks.


Message History

The yaktaur shoots a bolt!
The bolt hits you!!!
Casting: Summon Lightning Spire (dangerous; 4% risk of failure)
Confirm with ! or Enter, or press ? or * to list all spells!
An electric hum fills the air!
The yaktaur shoots a bolt!
The bolt barely misses you!
Your lightning spire shoots out a bolt of lightning at the yaktaur!!!
The bolt of electricity hits the yaktaur!!!
A vault guard comes into view! It is wielding a +0 morningstar!
The yaktaur shoots a bolt!
The bolt barely misses you!
Your lightning spire shoots out a bolt of lightning at the yaktaur!!!
The bolt of electricity hits the yaktaur!!!
The bolt of electricity hits the vault guard!!!
The yaktaur shoots a bolt!
The bolt hits your lightning spire!!!!!!
The yaktaur shoots a bolt!
The bolt hits your lightning spire!!!
Your lightning spire is destroyed!!!
Your lightning spire disappears in a puff of smoke!!!
You hear a shout!!! x2
Casting: Summon Lightning Spire (dangerous; 4% risk of failure)
Confirm with ! or Enter, or press ? or * to list all spells!
An electric hum fills the air!
The yaktaur shouts!!!
The yaktaur shoots a bolt!
The bolt hits you!!!
The yaktaur shoots a bolt!
The bolt hits you!!!!!!
Your magical contamination has completely faded away!
Your lightning spire cannot move out of your way!!!
Okay, then!
The yaktaur shoots a bolt!
The bolt hits you!!!!!!
The yaktaur shoots a bolt!
The bolt hits you but does no damage!
You see here a scroll of noise!
You start resting!
Your lightning spire disappears in a puff of smoke!!!
A deep elf pyromancer comes into view! It is wielding a +0 BATTLEAXE!
A deep elf knight comes into view! It is wielding a +0 long sword!
The deep elf knight shouts!!!
The deep elf knight points at you and mumbles some strange words!
The shard of ice hits you!!!!!! You partially resist! * * * don't die
* * * The yaktaur shoots a bolt!
The bolt hits you!!! rip

#.# #.# .# #( ..# #.# #.#
..# #.. ..# #.# #.# ..#
#.. ..#######.#
#.###ce###' +###.e
......^...# #..≈≈≈≈≈≈≈.
.≈≈≈≈≈
..........######..≈≈≈≈≈≈≈.
.≈≈≈≈≈
...................≈≈≈≈≈≈.
.≈≈≈≈≈
........######....#.≈≈≈≈e.
..≈≈≈≈ ........#
#.?@.##...... ......
##......# #............
..).#. .#......#
############. ... #.
.####...# .. #. ....'...#
. #. ....#...# #.
....##..# .....#..#
.....#..# ..


You could see a deep elf knight and a yaktaur.

Vanquished Creatures
  Harold (D:8)
  A boulder beetle (D:12)
  2 two-headed ogres (D:13)
  Sonja (D:10)
  A cyclops (D:11)
  Maurice (D:12)
  3 kobold demonologists
  A hornet (D:8)
  A slime creature (D:12)
  A meliai zombie (D:10)
  A shadow (D:9)
  2 wyverns
  3 vampire mosquitoes (D:13)
  A water moccasin (D:8)
  2 sky beasts
  An ice beast (D:7)
  An orc warrior (D:10)
  A necrophage (D:5)
  2 ogres
  5 centaurs
  A phantom (D:6)
  A kobold brigand (D:6)
  2 bullfrogs (D:7)
  A water moccasin zombie (D:6)
  A wyvern skeleton (D:7)
  A killer bee (D:11)
  2 wights (D:10)
  A howler monkey (D:10)
  4 electric eels (D:6)
  3 centaur zombies
  A bullfrog zombie (D:6)
  2 orc priests
  A jelly (D:7)
  A bullfrog skeleton (D:4)
  An iguana (D:4)
  Ijyb (D:5)
  Natasha (twice) (D:4)
  A killer bee zombie (D:6)
  A hound zombie (D:4)
  2 hound skeletons (D:4)
  A howler monkey zombie (D:8)
  3 adders
  10 gnolls
  A howler monkey skeleton (D:6)
  3 shadow imps
  A worm (D:3)
  A dart slug (D:2)
  13 orcs
  5 endoplasms
  6 goblins
  8 hobgoblins
  3 quokkas
  8 ball pythons
  9 bats
  4 frilled lizards
  3 kobolds
  2 rats (D:1)
143 creatures vanquished.

Vanquished Creatures (collateral kills)
  2 hydras (D:11)
  A boulder beetle (D:11)
  A catoblepas (D:13)
  Fannar (D:10)
  4 two-headed ogres
  Urug (D:12)
  4 cyclopes
  A manticore (D:13)
  A centaur zombie (D:10)
  2 gargoyles
  A komodo dragon (D:12)
  An efreet (D:9)
  A hornet (D:11)
  Grinder (D:3)
  5 slime creatures (D:12)
  A wyvern (D:8)
  A wraith (D:10)
  2 steam dragons
  3 basilisks
  Edmund (D:6)
  A warg (D:10)
  An acid dragon (D:8)
  3 orc warriors
  A black bear (D:6)
  A swamp drake (D:8)
  2 centaurs
  A bullfrog (D:8)
  2 wyvern skeletons
  3 killer bees (D:11)
  3 wights (D:10)
  A jelly (D:5)
  4 orc priests
  2 hounds
  A centaur skeleton (D:6)
  Terence (D:3)
  2 orc wizards
  Natasha (D:4)
  Robin (D:3)
  6 gnolls
  2 adders (D:2)
  A worm (D:2)
  A dart slug (D:4)
  6 orcs
  9 goblins
  4 hobgoblins (D:3)
  A ball python (D:3)
  A bat (D:1)
  A frilled lizard (D:2)
  A rat (D:2)
99 creatures vanquished.

Vanquished Creatures (others)
  2 fungi (D:2)
  47 plants
49 creatures vanquished.

Grand Total: 291 creatures vanquished

Notes
Turn   | Place    | Note
-------+----------+-------------------------------------------
     0 | D:1      | namelastname112 the Draconian Summoner began the quest for
                  | the Orb.
     0 | D:1      | Reached XP level 1. HP: 14/14 MP: 3/3
   314 | D:1      | Reached XP level 2. HP: 22/22 MP: 5/5
   344 | D:1      | Learned a level 2 spell: Call Imp
   968 | D:2      | Reached skill level 1 in Fighting
  1005 | D:2      | Reached XP level 3. HP: 28/28 MP: 6/6
  1286 | D:2      | Learned a level 3 spell: Call Canine Familiar
  1389 | D:2      | Reached XP level 4. HP: 35/35 MP: 8/8
  1537 | D:2      | Found a shimmering altar of Xom.
  1837 | D:2      | Found a faded altar of an unknown god.
  2332 | D:3      | Noticed Terence
  2340 | D:3      | Killed Terence
  2463 | D:3      | Noticed Robin
  2546 | D:3      | Killed Robin
  2547 | D:3      | Reached XP level 5. HP: 39/41 MP: 9/9
  2710 | D:3      | Reached skill level 5 in Summonings
  2976 | D:3      | Noticed Grinder
  2990 | D:3      | Killed Grinder
  2991 | D:3      | Reached XP level 6. HP: 34/50 MP: 4/11
  3790 | D:4      | Noticed Natasha
  3806 | D:4      | Killed Natasha
  3972 | D:4      | Your scales start taking on an icy white colour.
  3972 | D:4      | Reached XP level 7. HP: 57/57 MP: 7/13
  3972 | D:4      | Gained mutation: Your flesh is cold resistant. (rC+) [White
                  | Draconian growth]
  4030 | D:4      | Reached skill level 6 in Summonings
  4100 | D:4      | Found a staircase to the Ecumenical Temple.
  4123 | Temple   | Entered the Ecumenical Temple
  4216 | Temple   | Became a worshipper of Sif Muna the Loreminder
  4444 | D:4      | Noticed Natasha
  4449 | D:4      | Killed Natasha
  4533 | D:4      | Noticed a steam dragon
  4554 | D:4      | Noticed Natasha
  4581 | D:4      | Killed a steam dragon
  4634 | D:4      | Killed Natasha
  4964 | D:4      | Reached skill level 5 in Spellcasting
  5001 | D:4      | Learned a level 4 spell: Summon Lightning Spire
  5166 | D:5      | Entered Level 5 of the Dungeon
  5446 | D:5      | Reached XP level 8. HP: 66/66 MP: 8/15
  5650 | D:5      | Noticed Ijyb
  5663 | D:5      | Paralysed by Ijyb for 4 turns
  5667 | D:5      | Killed Ijyb
  5908 | D:5      | Reached skill level 7 in Summonings
  5996 | D:5      | Got the Incunabulum of the Freezing Rocks
  7136 | D:6      | Found a runed translucent door.
  7137 | D:6      | Noticed MisterFreud's ghost (novice GnCA)
  7161 | D:6      | Noticed Edmund
  7175 | D:6      | Killed Edmund
  7459 | D:6      | Reached * piety under Sif Muna
  7460 | D:6      | Reached skill level 5 in Fighting
  7481 | D:6      | Reached XP level 9. HP: 69/74 MP: 18/18
  7756 | D:6      | Found a hazy altar of Hepliaklqana.
  7756 | D:6      | Found a faded altar of an unknown god.
  7766 | D:6      | Reached skill level 8 in Summonings
  7806 | D:6      | Identified the +7 war axe "Ocarghol" {holy, rPois Will+
                  | SInv}
  9448 | D:7      | Reached skill level 5 in Dodging
  9842 | D:8      | Noticed Harold
  9863 | D:8      | Killed Harold
  9864 | D:8      | Reached skill level 9 in Summonings
 10434 | D:8      | Noticed a kobold demonologist
 10454 | D:8      | Killed a kobold demonologist
 10455 | D:8      | Reached XP level 10. HP: 84/84 MP: 20/22
 11217 | D:8      | Found a staircase to the Lair.
 11543 | D:9      | Reached skill level 10 in Summonings
 12193 | D:9      | Noticed an orange demon
 12515 | D:9      | Found a white marble altar of Elyvilon.
 12703 | D:9      | Found a glowing silver altar of Zin.
 12925 | D:9      | Found an opulent altar of Gozag.
 13109 | D:10     | Entered Level 10 of the Dungeon
 13123 | D:10     | Reached skill level 1 in Invocations
 13140 | D:10     | Noticed a two-headed ogre
 13153 | D:10     | Killed a two-headed ogre
 13233 | D:10     | Noticed Fannar
 13247 | D:10     | Killed Fannar
 13459 | D:10     | Noticed a two-headed ogre
 13488 | D:10     | Killed a two-headed ogre
 13489 | D:10     | Reached XP level 11. HP: 39/92 MP: 12/24
 13806 | D:10     | Reached ** piety under Sif Muna
 14082 | D:10     | Found a staircase to the Orcish Mines.
 14464 | D:10     | Found an ornate altar of the Wu Jian Council.
 14770 | D:10     | Noticed Sonja
 14776 | D:10     | Killed Sonja
 14777 | D:10     | Reached skill level 11 in Summonings
 14916 | D:11     | Noticed an eight-headed hydra
 14934 | D:11     | Killed an eight-headed hydra
 14945 | D:11     | Identified the ring of Eternal Night {Ice *Slow rElec rN+++
                  | Str+3}
 15016 | D:11     | Noticed an eight-headed hydra
 15250 | D:11     | Killed an eight-headed hydra
 15724 | D:11     | Reached skill level 10 in Spellcasting
 15878 | D:11     | Noticed a boulder beetle
 15897 | D:11     | Killed a boulder beetle
 16410 | D:12     | Noticed a boulder beetle
 16420 | D:12     | Killed a boulder beetle
 16716 | D:12     | Noticed a two-headed ogre
 16724 | D:12     | Killed a two-headed ogre
 16860 | D:12     | Reached XP level 12. HP: 103/103 MP: 15/26
 16966 | D:12     | Noticed Maurice
 16977 | D:12     | Killed Maurice
 16978 | D:12     | Reached skill level 12 in Summonings
 17286 | D:12     | Reached skill level 5 in Invocations
 17570 | D:12     | Noticed a two-headed ogre
 17582 | D:12     | Killed a two-headed ogre
 17929 | D:12     | Noticed Urug
 17948 | D:12     | Killed Urug
 18490 | D:12     | Reached skill level 1 in Staves
 18643 | D:13     | Noticed a two-headed ogre
 18649 | D:13     | Killed a two-headed ogre
 18867 | D:13     | Noticed a vault guard
 18873 | D:13     | Noticed a catoblepas
 18904 | D:13     | Killed a catoblepas
 19549 | D:13     | Noticed a two-headed ogre
 19560 | D:13     | Killed a two-headed ogre
 19794 | D:13     | Noticed a vault guard
 20115 | D:13     | Noticed a vault guard
 20150 | D:13     | Shot with a bolt by a yaktaur

Illustrated notes

Levels and vault maps discovered:
D:1:      lemuel_arrival_funnel, layout_loops_ring, nrook_mini_vaults
D:2:      layout_loops_corners, dreamdust_ecumenical_altar_grove, basic_altar,
          nicolae_grassy_gnolls
D:3:      layout_basic, uniq_robin, uniq_terence, uniq_grinder
D:4:      layout_gridville, minmay_temple_entry_ruins, minmay_unequal,
          uniq_natasha
D:5:      layout_loops_corners, minivault_23, uniq_ijyb
D:6:      layout_loops_ring, beargit_hepliaklqana_dungeon_heroes, serial_bayou,
          serial_bayou_lagoon_a, serial_bayou_ford_a, serial_bayou_shore_a,
          serial_bayou_pond_e, serial_bayou_crossing,
          ebering_ghost_reflecting_pool, minivault_27, uniq_edmund
D:7:      layout_loops_ring, serial_bayou_pond_a
D:8:      layout_loops_ring, erik_lair_dragon, uniq_harold
D:9:      layout_gridville, pdpol_temple_overflow_zin_treasury_gozag_greed,
          kennysheep_little_box
D:10:     layout_cave_pods, nicolae_overflow_crystal_walls, david_orc_1_choice,
          grunt_ministairs_4, uniq_sonja, uniq_fannar
D:11:     layout_long_grid
D:12:     layout_cave_pods, eino_small_chamber_without_monster, uniq_maurice,
          uniq_urug
D:13:     mludivico_vault, layout_irregular_city, grunt_vaults_entry_fortified,
          nicolae_trove_entry_columns
Temple:   minmay_temple_bridge_d

Skill      XL: |  1  2  3  4  5  6  7  8  9 10 11 12 |
---------------+-------------------------------------+-----
Fighting       | 1 2 3 5 6 7 8 9 |  9.2
Dodging        | 2 3 4 5 6 7 |  7.8
Spellcasting   | 3 4 5 6 8 9 10 11 | 11.0
Summonings     | 5 6 7 9 10 11 12 | 12.4
Invocations    | 2 4 5 |  5.9
Staves         | 3 |  3.1
Stealth        | |  1.7

Action                   |  1- 3 |  4- 6 |  7- 9 | 10-12 || total
-------------------------+-------+-------+-------+-------++-------
Melee: Trident           |    83 |    49 |       |       ||   132
       Tailslap          |     5 |    10 |    45 |    52 ||   112
       Punch             |       |     2 |     6 |     4 ||    12
       Dagger            |       |    69 |   303 |   245 ||   617
Throw: Throwing net      |       |       |     1 |       ||     1
 Cast: Summon Small Mamm |     4 |     1 |       |     3 ||     8
       Call Imp          |     8 |     4 |    12 |    23 ||    47
       Call Canine Famil |       |    10 |    18 |    44 ||    72
       Summon Lightning  |       |       |     3 |    68 ||    71
 Abil: Breathe Frost     |       |       |     5 |     7 ||    12
Evoke: Wand              |       |       |     8 |    25 ||    33
  Use: Scroll            |       |       |    14 |     6 ||    20
       Potion            |       |       |     5 |       ||     5
 Stab: Sleeping          |     6 |     2 |     2 |     2 ||    12
       Paralysed         |       |       |     2 |     1 ||     3
       Distracted        |       |       |     1 |     5 ||     6
Armor: Skin              |    31 |    40 |   158 |   119 ||   348
Dodge: Dodged            |    57 |    71 |   183 |   257 ||   568
